Map: Submarine LE

Players

Anarchy - Winner!

  • Race: Terran Terran
  • League: Gold
  • Spawn Location: 11:00

Kelstman

  • Race: Terran Terran
  • League: Silver
  • Spawn Location: 5:00

VOD

Have the link to the VOD?

Description

Time

  • Played on: Oct. 24, 2020, 4:04 a.m.
  • Length: 40:41
Show
View Real Time Build Order
Export as new Build Order

Anarchy Terran - Winner!

Build Orders: 2 Factory, Mech 

Get SALT Encoding   

  12  0:03  SCV  
  13  0:15  SCV  
  13  0:21  Supply Depot  
  14  0:30  SCV  
  15  0:38  Refinery  
  15  0:42  SCV  
  16  0:54  SCV  
  17  0:58  Barracks  
  17  1:06  SCV  
  18  1:18  SCV  
  19  1:31  SCV  
  20  1:43  SCV  
  21  1:47  Refinery  
  21  1:54  Command Center  
  21  1:56  Orbital Command  
  21  2:05  Barracks Tech Lab  
  21  2:10  Factory  
  21  2:22  SCV  
  22  2:34  SCV  
  23  2:48  Factory  
  23  2:55  Supply Depot  
  23  2:56  Supply Depot  
  24  3:05  SCV  
  24  3:09  Supply Depot  
  24  3:17  Siege Tank  
  27  3:22  Orbital Command  
  27  3:26  SCV  
  28  3:38  SCV  
  28  3:39  Factory  
  29  3:53  SCV x2  
  29  3:54  Supply Depot  
  31  3:58  Siege Tank  
  31  4:02  Orbital Command  
  34  4:07  SCV  
  35  4:19  SCV  
  36  4:26  Armory  
  36  4:28  Armory, Engineering Bay  
  37  4:31  SCV  
  37  4:37  Cyclone  
  40  4:39  Factory Tech Lab  
  40  4:44  Factory  
  40  5:08  SCV x2  
  42  5:14  Thor  
  42  5:19  Hellbat  
  42  5:20  SCV x2  
  52  5:24  Neosteel Armor  
  52  5:31  Supply Depot  
  52  5:34  Supply Depot  
  52  5:35  Supply Depot  
  52  5:45  Hellbat  
  52  5:49  Infernal Pre-Igniter  
  54  5:56  Command Center  
  54  6:00  SCV  
  54  6:01  SCV  
  56  6:08  Hellbat x2  
  60  6:12  SCV  
  60  6:13  SCV  
  62  6:22  Refinery  
  62  6:23  Refinery  
  62  6:24  SCV  
  62  6:25  SCV  
  64  6:28  Thor  
  64  6:30  Hellbat, Hellion x4  
  72  6:32  Missile Turret  
  72  6:38  Missile Turret  
  72  6:59  SCV x2  
  74  7:08  Terran Vehicle Weapons Level 1, Terran Vehicle And Ship Armor Level 1  
  74  7:11  SCV x2  
  74  7:15  Supply Depot  
  76  7:18  Supply Depot  
  76  7:32  SCV x2  
  78  7:44  SCV x2  
  80  7:54  Planetary Fortress  
  80  7:56  Missile Turret, SCV x2  
  82  7:58  Missile Turret  
  82  7:59  Thor x2, Missile Turret  
  94  8:08  SCV x2  
  96  8:13  Supply Depot  
  96  8:15  Supply Depot  
  96  8:16  Hi-Sec Auto Tracking  
  96  8:25  Marine  
  97  8:28  SCV  
  97  8:29  SCV  
  97  8:32  Refinery  
  99  8:35  Refinery  
  99  8:40  SCV  
  99  8:41  SCV x2  
  102  8:42  Command Center, Marine  
  102  8:44  Thor  
  102  8:45  Thor  
  115  8:52  Supply Depot  
  115  8:53  Supply Depot, SCV x3  
  118  9:00  Marine  
  119  9:05  SCV x3  
  122  9:17  SCV x3  
  122  9:18  Marine  
  126  9:25  Factory  
  126  9:26  Factory  
  126  9:27  Hellbat, Factory  
  126  9:28  Hellbat  
  130  9:36  Marine  
  131  9:48  Thor  
  131  9:49  Thor, SCV x3  
  146  9:54  Supply Depot  
  146  9:56  Supply Depot  
  146  10:00  Supply Depot  
  146  10:03  SCV x2  
  148  10:10  SCV  
  149  10:24  SCV x3  
  152  10:30  Command Center, Missile Turret  
  152  10:31  Refinery  
  152  10:32  Missile Turret x2, Refinery  
  152  10:36  SCV x3  
  152  10:38  Supply Depot  
  152  10:39  Supply Depot  
  155  10:43  Supply Depot  
  155  10:44  Thor x2  
  155  10:48  SCV x3  
  170  10:54  Factory Tech Lab x3  
  171  11:00  SCV x2  
  172  11:05  Planetary Fortress  
  172  11:13  SCV x3  
  175  11:24  Thor x3  
  193  11:37  Terran Vehicle Weapons Level 2, Terran Vehicle And Ship Armor Level 2  
  193  12:12  Command Center  
  193  12:16  Factory x2  
  193  12:33  SCV x2  
  193  12:34  SCV x2  
  197  12:38  Starport  
  197  13:32  Planetary Fortress  
  197  13:48  Refinery  
  197  13:49  Missile Turret x2, Refinery  
  197  13:52  Missile Turret x2  
  166  14:26  Thor x4  
  166  14:27  Thor  
  133  14:50  Sensor Tower  
  133  15:04  Sensor Tower  
  133  15:09  Thor  
  139  15:20  SCV x3  
  139  15:21  SCV  
  139  15:32  SCV x2  
  136  15:37  Thor x3  
  136  15:38  Thor  
  153  15:43  Terran Vehicle And Ship Armor Level 3, Terran Vehicle Weapons Level 3  
  143  16:09  Command Center  
  143  16:20  SCV x3  
  143  16:23  Planetary Fortress  
  146  16:47  Factory  
  146  16:48  Factory  
  146  16:49  Missile Turret, Refinery x2  
  146  16:51  Missile Turret  
  146  16:53  Missile Turret  
  146  16:56  Command Center  
  146  17:02  Factory Tech Lab  
  146  17:03  Factory Tech Lab, Thor  
  146  17:04  Thor x3  
  146  17:05  Thor  
  176  17:12  SCV x3  
  176  17:13  SCV  
  180  17:24  SCV x3  
  180  17:25  SCV  
  184  17:31  Planetary Fortress  
  184  18:05  SCV x3  
  186  18:06  SCV  
  186  18:07  Thor  
  186  18:08  Thor  
  186  18:10  Factory Tech Lab x2  
  200  18:15  Drilling Claws  
  200  18:16  Smart Servos  
  200  18:18  Mag-Field Accelerator  
  200  18:51  Factory  
  200  18:52  Factory  
  200  18:54  Factory  
  173  19:24  Thor x4  
  197  19:45  Planetary Fortress  
  197  20:03  Refinery  
  197  20:04  Refinery  
  197  20:07  Missile Turret  
  197  20:08  Missile Turret  
  197  20:09  Command Center  
  197  20:10  Missile Turret  
  190  20:41  Thor  
  196  21:20  Sensor Tower  
  196  21:25  Missile Turret  
  196  21:26  Missile Turret  
  196  21:46  Refinery  
  194  21:49  Refinery  
  194  21:59  Thor  
  200  22:10  Command Center  
  188  22:30  Thor x2  
  200  22:39  Command Center  
  200  23:01  Factory x2  
  200  23:02  Factory  
  200  23:09  Factory Tech Lab x3  
  200  23:34  Refinery x2  
  200  23:37  Missile Turret  
  176  24:19  Thor x2  
  176  24:20  Thor x4  
  194  24:41  Planetary Fortress  
  188  25:25  Thor x10, Planetary Fortress  
  185  25:41  Thor x2  
  197  25:59  Terran Infantry Weapons Level 1  
  197  26:00  Terran Ship Weapons Level 1  
  195  27:25  Missile Turret x2  
  195  27:26  Missile Turret  
  195  27:27  Command Center  
  195  27:28  Missile Turret, Refinery  
  195  27:31  Refinery  
  195  27:56  Ghost Academy  
  195  28:04  Barracks Tech Lab  
  195  28:11  Ghost Academy  
  195  28:12  Ghost Academy  
  195  28:50  Factory Tech Lab x2  
  195  28:51  Factory Tech Lab  
  121  29:40  Thor x4  
  121  29:41  Thor x4  
  121  29:42  Thor x5  
  188  30:04  SCV x2  
  188  30:05  SCV x4  
  188  30:06  SCV  
  195  30:14  Nuke x3  
  193  30:58  Ghost  
  195  31:18  Planetary Fortress  
  195  31:26  Ghost  
  197  31:55  Ghost  
  197  32:19  Personal Cloaking  
  197  32:20  Enhanced Shockwaves  
  197  32:23  Ghost  
  197  32:26  Fusion Core  
  199  32:44  Starport  
  199  32:45  Starport  
  199  32:46  Starport x2  
  199  33:15  Terran Infantry Weapons Level 2  
  185  33:44  Nuke  
  183  34:33  Nuke x2  
  183  34:47  Starport Tech Lab x4  
  183  34:51  Thor x2  
  193  36:00  Battlecruiser  
  199  36:07  Terran Infantry Weapons Level 3  
  199  36:08  Terran Ship Weapons Level 2  
  199  36:10  Nuke  
  151  36:34  Battlecruiser  
  151  36:35  Battlecruiser x2  
  169  37:04  Battlecruiser  
  175  37:39  Battlecruiser x3  
  193  38:08  Weapon Refit, Battlecruiser  
Show
View Real Time Build Order
Export as new Build Order

Kelstman Terran 

Build Orders:  

Get SALT Encoding   

  12  0:01  SCV  
  13  0:18  Supply Depot, SCV  
  14  0:30  Supply Depot  
  14  0:31  SCV  
  15  0:41  Supply Depot  
  15  0:44  SCV  
  16  0:59  Barracks  
  16  1:00  SCV  
  17  1:14  Barracks  
  17  1:16  SCV  
  18  1:29  Barracks  
  18  1:31  SCV  
  19  1:39  Refinery  
  19  1:43  Refinery  
  19  1:45  SCV  
  20  1:49  Marine  
  21  1:57  SCV  
  22  2:02  Marine  
  22  2:07  Marine  
  24  2:09  SCV  
  25  2:16  Marine  
  25  2:19  Marine  
  25  2:22  SCV  
  28  2:25  Marine  
  28  2:28  Engineering Bay  
  29  2:34  SCV  
  30  2:44  Factory  
  30  2:52  Orbital Command  
  30  2:57  Marine  
  31  2:58  Marine  
  31  3:02  Marine  
  33  3:09  Missile Turret  
  33  3:15  Terran Infantry Weapons Level 1  
  33  3:27  Factory Tech Lab  
  33  3:29  Supply Depot  
  33  3:31  Marine x2  
  33  3:33  Marine  
  36  3:44  Missile Turret  
  36  3:47  Siege Tank  
  39  3:57  Missile Turret  
  39  4:00  Barracks Tech Lab, Barracks Reactor x2  
  39  4:09  Missile Turret  
  39  4:19  Siege Tank  
  39  4:20  Missile Turret  
  42  4:38  Combat Shield  
  42  4:39  Missile Turret  
  42  4:47  Missile Turret  
  42  4:55  Siege Tank  
  42  4:57  SCV  
  46  5:00  Missile Turret  
  46  5:03  Supply Depot  
  46  5:07  Missile Turret  
  46  5:21  Missile Turret  
  46  5:27  Missile Turret  
  46  5:42  Missile Turret  
  46  5:48  SCV  
  46  5:49  Command Center  
  47  6:00  Hi-Sec Auto Tracking, SCV  
  48  6:08  Siege Tank  
  51  6:12  SCV  
  52  6:24  SCV  
  53  6:30  Sensor Tower  
  53  6:36  SCV  
  54  6:44  Supply Depot  
  54  6:48  SCV  
  55  7:01  SCV  
  56  7:05  Terran Infantry Armor Level 1  
  56  7:07  Supply Depot, Orbital Command  
  56  7:13  SCV  
  57  7:25  SCV, Refinery  
  57  7:27  Refinery  
  58  7:32  Armory  
  58  7:33  SCV  
  59  7:39  SCV  
  60  7:45  SCV  
  60  7:48  Marine x5  
  66  7:51  SCV  
  66  7:57  SCV  
  68  8:04  SCV  
  69  8:05  Marine x2  
  69  8:06  Marine x3  
  69  8:09  SCV  
  75  8:15  Command Center  
  75  8:16  SCV  
  76  8:23  Command Center  
  76  8:27  Command Center  
  76  8:37  Thor  
  82  8:48  SCV  
  83  8:51  SCV  
  84  8:58  Terran Vehicle Weapons Level 1  
  84  9:00  Neosteel Armor, SCV  
  85  9:26  Thor  
  91  9:37  Supply Depot  
  91  9:38  Supply Depot  
  91  10:09  Thor  
  97  10:34  Orbital Command  
  97  10:36  Planetary Fortress x2  
  97  10:44  Missile Turret  
  97  10:46  Missile Turret  
  97  10:50  Missile Turret  
  97  10:52  Missile Turret  
  97  10:56  Missile Turret  
  97  10:58  Missile Turret  
  97  10:59  Missile Turret  
  97  11:00  Missile Turret  
  97  11:08  Sensor Tower  
  97  11:24  Thor  
  103  11:26  Marine x5  
  103  11:32  Terran Vehicle And Ship Armor Level 1  
  108  11:33  Terran Infantry Weapons Level 2  
  108  11:44  Marine x5  
  113  11:48  Starport  
  113  12:02  Marine x5  
  113  12:06  Thor  
  124  12:19  Marine x2  
  124  12:20  Marine x3  
  129  12:24  Refinery  
  129  12:26  Starport  
  129  12:27  Refinery  
  129  12:37  Marine x4  
  129  12:38  Marine  
  134  12:47  Starport Tech Lab  
  134  12:49  Thor  
  140  12:55  Marine x4  
  140  12:56  Marine  
  145  13:04  Starport  
  145  13:13  Marine x5  
  150  13:22  Starport Tech Lab  
  150  13:26  Terran Vehicle Weapons Level 2  
  150  13:31  Marine x5  
  155  13:45  Supply Depot  
  155  13:48  Marine, Terran Infantry Armor Level 2  
  155  13:49  Marine x4  
  155  13:50  Command Center  
  155  13:51  Command Center  
  155  13:52  Command Center  
  160  14:06  Thor  
  160  14:07  Marine  
  160  14:08  Supply Depot  
  133  14:40  Starport Tech Lab  
  133  14:44  Fusion Core  
  133  14:48  Marine x3  
  133  14:49  Thor, Marine x2  
  144  15:06  Marine x4  
  144  15:07  Marine  
  139  15:24  Marine x5  
  144  15:32  Thor  
  144  15:33  Starport  
  150  15:42  Marine x5  
  114  15:59  Marine x2  
  114  16:00  Marine x3  
  101  16:05  Planetary Fortress  
  101  16:14  Thor  
  101  16:17  Marine x3  
  101  16:18  Marine x2  
  112  16:29  Starport Tech Lab  
  112  16:31  Starport  
  112  16:33  Battlecruiser x3  
  112  16:35  Marine x3  
  133  16:57  Thor  
  114  17:53  Thor  
  114  17:55  Battlecruiser x3  
  125  17:58  Battlecruiser  
  131  18:09  Planetary Fortress  
  131  18:14  Command Center  
  131  18:19  Terran Ship Weapons Level 1  
  131  18:33  Planetary Fortress  
  131  18:39  Sensor Tower  
  131  18:41  Thor  
  114  19:07  Marine x5  
  94  19:24  Thor  
  93  19:25  Marine x5  
  98  19:43  Marine x5  
  109  19:47  Planetary Fortress  
  109  19:53  Refinery  
  109  19:56  Refinery  
  109  20:00  Marine  
  109  20:01  Marine x4  
  117  20:07  Siege Tank  
  93  20:18  Marine x2  
  68  20:33  Marine x3  
  71  20:36  Marine x2  
  71  20:39  Siege Tank  
  70  20:44  Factory  
  70  20:51  Marine x3  
  70  20:53  Terran Vehicle Weapons Level 3  
  70  20:54  Marine x2  
  75  21:05  Terran Infantry Weapons Level 3  
  75  21:09  Marine x3  
  75  21:11  Siege Tank  
  80  21:12  Marine x2  
  82  21:27  Marine x3  
  82  21:29  Marine  
  82  21:30  Marine  
  87  21:42  Command Center  
  87  21:43  Siege Tank  
  87  21:44  Marine x2  
  87  21:45  Marine  
  93  21:47  Marine x2  
  79  22:02  Marine  
  80  22:11  Factory Tech Lab  
  80  22:15  Siege Tank  
  80  22:28  Command Center  
  80  22:31  Command Center  
  80  22:42  Thor  
  86  22:47  Thor  
  86  22:48  Sensor Tower  
  92  23:17  Missile Turret  
  92  23:24  Thor  
  98  23:28  Planetary Fortress  
  98  23:30  Thor, Terran Vehicle And Ship Armor Level 2  
  98  23:32  Refinery  
  104  23:34  Refinery  
  86  24:21  Thor  
  71  24:25  Thor  
  71  24:27  Marine x4  
  71  24:28  Marine  
  70  24:37  Planetary Fortress  
  70  24:38  Orbital Command  
  70  24:45  Marine x5  
  63  25:03  Marine  
  63  25:04  Thor  
  65  25:08  Siege Tank  
  68  25:26  Planetary Fortress  
  68  25:40  Siege Tank  
  71  25:54  Siege Tank  
  54  26:21  Missile Turret  
  54  27:21  Marine x5  
  59  27:29  Orbital Command  
  59  27:38  Marine  
  59  27:39  Marine x4  
  64  27:56  Marine x3  
  64  27:57  Marine x2  
  69  28:14  Marine x5  
  74  28:20  Missile Turret  
  74  28:32  Marine x5  
  79  28:50  Marine x5, Refinery  
  37  29:36  Marine x5  
  33  29:42  Orbital Command  
  29  29:54  Marine x5  
  34  30:11  Marine  
  34  30:12  Marine x4  
  39  30:28  Orbital Command  
  39  30:29  Marine x2  
  39  30:30  Marine x3  
  44  30:48  Marine  
  45  31:06  SCV  
  46  31:18  SCV  
  47  31:27  Refinery x2  
  47  31:30  Siege Tank  
  50  31:39  SCV  
  44  33:30  Orbital Command  
  44  34:06  SCV  
  45  35:52  Orbital Command  
  45  36:00  Orbital Command  
  34  36:46  Siege Tank  
  37  37:01  Orbital Command  
  37  37:15  Siege Tank  
  37  37:19  Siege Tank  
  43  37:48  Siege Tank  
  46  37:52  Siege Tank  
  49  40:02  Orbital Command  
Tags
 
Composition
Mech
Matchup
TvT
Opening
2 Factory
Race
Terran
Spawn Locations
Cross Positions
Add a new tag
Caveats
  • Supply blocks, unpowered buildings, or Contaminate may cause inaccurate times.
  • Supply counts are checked every 10 seconds.